Unix NetHack Version 5.0.0-0 post-release - last build May  4 2026 22:22:43 (774f63e81ad911689b3a0859ea89b322d5daca8d,branch:main).

Game began 2026-05-09 19:03:32, ended 2026-05-09 19:42:33.

CaptainEquinox, neutral female human Valkyrie

         ----                                           ----
 -----  --..--              -----------------------------..--
 |...-- |....|    ----------|...qf................-|........|
--....| --.|.|    |.||......|....--------.....#....|..--....|
|....-- --.|.|----|.-|.@..).@@...|...|..|........{....-|....---
--...|  |..|.||..--..|...uh.|....-@.]|..|..----.....#..|......|
 |...-- |.|..|-..[...--------....----|..|..|..)..[.....|......|
 ---..---.|..|..............^........|-|-..|..|-|--...----...--         ----
   --..|..|-.|.*-....-.-----------.---......+-|...|...|..|...------------..|
    --.|.--|.|.......|...|...|..|.............|]((|......|.................|
     |.|.|.|.*....|..|...+...|..|...{..------+|!((|...----..---..---------.---
  ---|.|.....|.--.|..|.......-+--......|.((|..|---|........)<.....--    --...|
 --.-|.|.|.....||....-----.............+...|..|...|................|   --.--.|
 |...|.[.|-....|---..........-|---|--..|...|--|...|..-----.........--  |.....|
 |.......|--...|  |..--|---|-|..|...|..-----..|...|.)|...|..........|  --....|
 --...>..| --..|  |..|...|...|..|(["|.........--|--..-...|..........--  --..--
  --....--  ----  |..|...|...|..|)%?|....................|...---.--..|   |.--
   --...|         --.|--------------|................|---|.--- -------  --.|
    |..--          ---              --.----....-------   ---            |..|
    ----                             ##########                         |..|
                                    #####    #                          ----
CaptainEquinox the Fighter  St:18/01 Dx:11 Co:18 In:10 Wi:8 Ch:8  Neutral
Dlvl:7  $:86 HP:0(62) Pw:16(16) AC:-2 Xp:6 T:2582 

Latest messages:
 You see here a rothe corpse.
 You have a little trouble lifting a rothe corpse.  Continue? [ynq] (q) y
 You have a little trouble lifting W - a rothe corpse.
 Your movements are slowed slightly because of your load.
 The watch captain swings her long sword.
 The watch captain hits!
 The watch captain swings her long sword.
 The watch captain hits again!
 You stop.  The priestess of Loki doesn't want to swap places.
 What do you want to sacrifice? [W or ?*] W
 Your sacrifice is consumed in a plume of smoke!
 You sense a conflict between Odin and Loki.
 Unluckily, you feel the power of Odin decrease.
 Your movements are now unencumbered.
 The watch captain throws a dagger!
 You are almost hit by a dagger.
 The watch captain throws a knife!
 A knife misses you.
 You miss the watch captain.
 You hit the watch captain!
 The watch captain swings her long sword.
 The watch captain misses!
 The watch captain swings her long sword.
 The watch captain misses!
 You hit the watch captain!
 You miss the watch captain.
 You miss the watch captain.
 The watch captain swings her long sword.
 The watch captain hits!
 The watch captain swings her long sword.
 The watch captain just misses!
 You hit the watch captain!
 The watch captain swings her long sword.
 The watch captain hits!
 The watch captain swings her long sword.
 The watch captain hits again!
 You hit the watch captain!
 What do you want to zap? [jsMT or ?*] *
 In what direction? 6
 The magic missile misses the watch captain.
 The magic missile misses the watch captain.
 The magic missile bounces!
 The watch captain swings her long sword.
 The watch captain hits!
 You die...
 Do you want your possessions identified? [ynq] (y) y
 Do you want to see your attributes? [ynq] (y) y
 Do you want an account of creatures vanquished? [ynaq] (y) y
 Do you want to see your conduct and achievements? [ynq] (y) y
 Do you want to see the dungeon overview? [ynq] (y) y

Inventory:
 Coins    ('$')
  $ - 86 gold pieces
 Amulets  ('"')
  h - an uncursed amulet of guarding (being worn)
 Weapons  (')')
  w - a +0 crossbow
  G - 11 +0 daggers
  a - a +2 spear (weapon in right hand)
 Armor    ('[')
  z - an uncursed +0 dwarvish iron helm (being worn)
  k - an uncursed +0 pair of elven boots (being worn)
  c - an uncursed +3 small shield (being worn)
  K - an uncursed +0 alchemy smock with text "If you can't stand the heat, get out of Gehennom!"
  O - a cursed -3 cloak of invisibility (being worn)
  Q - an uncursed +0 elven mithril-coat (being worn)
 Comestibles  ('%')
  d - 4 uncursed food rations
 Rings    ('=')
  S - a cursed ring of see invisible
 Wands    ('/')
  T - a wand of create monster (0:11)
  M - a wand of magic missile (0:5)
  j - a blessed wand of slow monster (0:2)
  s - a wand of speed monster (0:5)
 Tools    ('(')
  i - an expensive camera (0:96)
  P - a cursed magic lamp
  e - an uncursed oil lamp
  N - a +0 pick-axe
  y - 2 uncursed tallow candles
  B - an uncursed wax candle
 Gems/Stones  ('*')
  A - an uncursed amethyst stone
  L - an uncursed obsidian stone
  C - an uncursed worthless piece of green glass
  t - an uncursed worthless piece of red glass
  o - a cursed worthless piece of red glass
  I - an uncursed worthless piece of violet glass
  D - 2 uncursed worthless pieces of white glass
  p - 4 uncursed worthless pieces of yellow glass

CaptainEquinox the Valkyrie's attributes:

Background:
 You were a Fighter, a level 6 human Valkyrie.
 You were neutral, on a mission for Odin
 who was opposed by Tyr (lawful) and Loki (chaotic).
 You were right-handed.
 You were in the Gnomish Mines, on level 7.
 You entered the dungeon 2582 turns ago.
 You had 605 experience points, 35 more were needed to attain level 7.

Basics:
 You had 0 out of 62 hit points.
 You had all 16 energy points (spell power).
 Your armor class was -2.
 Your wallet contained 86 zorkmids.
 Autopickup was off.

Final Characteristics:
 Your strength was 18/01 (peak:18/02, limit:18/100).
 Your dexterity was 11 (limit:18).
 Your constitution was 18 (limit:18).
 Your intelligence was 10 (limit:18).
 Your wisdom was 8 (limit:18).
 Your charisma was 8 (limit:18).

Final Status:
 You weren't hungry.
 You were unencumbered.
 You were wielding a spear.
 You had basic skill with spear and could have enhanced that.

Final Attributes:
 You were fervently aligned.
 You were cold resistant.
 You were sleep resistant.
 You were invisible.
 You were stealthy.
 You had a small defense bonus (+2).
 You were protected.
 You were fast.
 You were unlucky.
 You are dead.

Miscellaneous:
 You didn't encounter any bones levels.
 Total elapsed playing time was 39 minutes.

Major events:
 Turn
    1: CaptainEquinox the neutral human Valkyrie entered the dungeon
 1240: attained the rank of Skirmisher (level 3)
 1599: entered the Gnomish Mines
 2204: attained the rank of Fighter (level 6)
 2296: reached Mine Town
 2582: killed by a watch captain

You didn't know any spells.

Skills:
 Fighting Skills
   bare handed combat [Unskilled]
   two weapon combat  [Unskilled]
   riding             [Unskilled]
 Weapon Skills
   dagger             [Basic]
   axe                [Unskilled]
   pick-axe           [Unskilled]
   short sword        [Unskilled]
   broadsword         [Unskilled]
   long sword         [Unskilled]
   two-handed sword   [Unskilled]
   saber              [Unskilled]
   hammer             [Unskilled]
   quarterstaff       [Unskilled]
   polearms           [Unskilled]
   spear              [Basic]
   trident            [Unskilled]
   lance              [Unskilled]
   sling              [Unskilled]
 Spellcasting Skills
   attack spells      [Unskilled]
   escape spells      [Unskilled]

Voluntary challenges:
 Character rerolling was not enabled.
 You never genocided any monsters.
 You never polymorphed an object.
 You used no wishes.
Achievements:
 You attained the rank of Skirmisher.
 You entered the Gnomish Mines.
 You attained the rank of Fighter.
 You entered Minetown.
 You entered a shop.
 You entered a temple.

 The Dungeons of Doom: levels 1 to 4
    Level 1:
       A fountain, a sink.
    Level 2:
       Many fountains.
    Level 3:
       An altar to Odin, many fountains, a grave.
    Level 4:
       A sink.
       Stairs down to The Gnomish Mines.
 The Gnomish Mines: levels 5 to 7
    Level 5:
    Level 6:
    Level 7: <- You were here.
       Many shops, a temple and an altar, some fountains, some trees.
       Final resting place for
          you, killed by a watch captain.


Vanquished creatures:
  a watchman
  a blue jelly
 an imp
  a rock piercer
  a fog cloud
  4 gnome leaders
  a floating eye
  8 dwarves
  a homunculus
  a rothe
  a rabid rat
  a giant bat
 an iguana
  4 killer bees
 an acid blob
  a gas spore
  3 hobbits
  a brown mold
 24 gnomes
  2 geckos
  4 jackals
  3 kobolds
  2 goblins
  a grid bug
  2 bats
  3 lichens
  a kobold zombie
  6 newts
81 creatures vanquished.

No species were genocided or became extinct.

Game over:
                       ----------
                      /          \
                     /    REST    \
                    /      IN      \
                   /     PEACE      \
                  /                  \
                  |  CaptainEquinox  |
                  |      86 Au       |
                  |   killed by a    |
                  |  watch captain   |
                  |                  |
                  |                  |
                  |       2026       |
                 *|     *  *  *      | *
        _________)/\\_//(\/(/\)/\//\/|_)_______

Farvel CaptainEquinox the Valkyrie...

You died in The Gnomish Mines on dungeon level 7 with 2868 points,
and 86 pieces of gold, after 2582 moves.
You were level 6 with a maximum of 62 hit points when you died.

